 Dungeon Crawl Stone Soup version 0.30.1-11-g7821555f0a (webtiles) character file.

Game seed: 5929727656215264151

151 fireball365 the Chopper (level 5, -7/47 HPs)
             Began as a Hill Orc Fighter on Dec 24, 2023.
             Was an Initiate of Gozag.
             Mangled by a wyvern (11 damage)
             ... on level 4 of the Dungeon.
             The game lasted 00:04:14 (2720 turns).

fireball365 the Chopper (Hill Orc Fighter)          Turns: 2720, Time: 00:04:15

Health: -7/47      AC:  7    Str: 21    XL:     5   Next: 33%
Magic:  5/5        EV:  8    Int:  8    God:    Gozag
Gold:   146        SH:  9    Dex: 16    Spells: 4/4 levels left

rFire   . . .        a - +0 war axe
rCold   . . .        k - +0 kite shield
rNeg    . . .        b - +0 scale mail
rPois   .            (no helmet)
rElec   .            (no cloak)
rCorr   .            (no gloves)
SInv    .            (no boots)
Will    .....        (no amulet) Stlth
                     f - +6 ring of dexterity
HPRegen 0.27/turn    w - +4 ring of slaying
MPRegen 0.09/turn

%: no passive effects
@: gold aura
A: no striking features
a: Renounce Religion, Potion Petition, Call Merchant, Bribe Branch


You were on level 4 of the Dungeon.
You worshipped Gozag.
Gozag was aware of your devotion.
You visited 2 branches of the dungeon, and saw 5 of its levels.

You collected 208 gold pieces.
You paid 62 gold pieces to Gozag.

Inventory:

Hand Weapons
 a - a +0 war axe (weapon)
Missiles
 h - 17 poisoned darts (quivered)
Armour
 b - a +0 scale mail (worn)
 c - a +0 buckler
 k - a +0 kite shield (worn)
Jewellery
 f - a +6 ring of dexterity (left hand)
 w - a +4 ring of slaying (right hand)
Scrolls
 e - a scroll of fog {unknown}
 i - a scroll of amnesia {unknown}
 m - a scroll of identify
 n - a scroll of magic mapping {unknown}
 r - a scroll of immolation
 u - a scroll of brand weapon {unknown}
 v - a scroll of enchant weapon {unknown}
 y - a scroll of blinking {unknown}
Potions
 d - 3 potions of might
 g - 2 potions of heal wounds {unknown}
 j - a potion of curing {unknown}
 l - a potion of cancellation {unknown}
 o - a potion of ambrosia {unknown}
 p - a potion of invisibility {unknown}
 q - 3 potions of attraction {unknown}
 s - a potion of degeneration {unknown}
 t - a potion of berserk rage {unknown}
 x - a potion of lignification {unknown}


   Skills:
 + Level 4.4 Fighting
 + Level 4.5 Axes
 + Level 4.1 Armour
 + Level 0.3 Dodging
 + Level 4.2 Shields


You had 4 spell levels left.
You didn't know any spells.
Your spell library contained the following spells:

 Spells                   Type           Power      Damage    Failure   Level
 Lesser Beckoning         Tloc           0%         N/A       99%         2
 Gell's Gravitas          Tloc           0%         N/A       100%        3
 Summon Guardian Golem    Hex/Summ       0%         N/A       100%        3
 Teleport Other           Tloc           0%         N/A       100%        3
 Orb of Destruction       Conj           0%         9d5       100%        7
 Spellforged Servitor     Conj/Summ      0%         N/A       100%        7


Dungeon Overview and Level Annotations

Branches:
Dungeon (4/15)             Temple (1/1) D:4

Altars:
Ashenzari
Dithmenos
Gozag
Makhleb
The Shining One


Message History

You climb upwards.
Welcome back to the Dungeon!
There is a staircase to the Ecumenical Temple here.
A sleepcap comes into view.
Found a stone staircase leading up.
A wyvern comes into view.
The wyvern hisses angrily.
The wyvern moves out of view.
You hit the sleepcap but do no damage. The sleepcap closely misses you.
The wyvern bites you.
You slash the sleepcap!
The sleepcap is moderately damaged.
You slash the wyvern! You block the wyvern's attack.
The sleepcap releases spores at you but does no damage.
The wyvern barely misses you.
The sleepcap releases spores at you but does no damage.
You slash the sleepcap!
The sleepcap is almost destroyed.
You barely miss the wyvern.
The wyvern bites you but does no damage.
The sleepcap releases spores at you but does no damage.
The wyvern bites you!
You hit the sleepcap.
You destroy the sleepcap!
You completely miss the wyvern. The wyvern bites you!
The wyvern closely misses you.
Your Shields skill increases to level 4!
The wyvern bites you. You block the wyvern's attack.
You see here 6 gold pieces.
The wyvern bites you!
* * * LOW HITPOINT WARNING * * *
The wyvern attacks as you move away!
The wyvern bites you but does no damage. x2
The wyvern attacks as you move away!
The wyvern bites you but does no damage.
The wyvern bites you but does no damage.
There is a stone staircase leading up here.
The wyvern attacks as you move away! The wyvern barely misses you.
The wyvern bites you!
You die...
Your body crumbles into a pile of gold.

......#.#######
......#.#
.......$#
......#.#
......#.##
.........#
.......<.#
.......l.#
###....@.#
#......#
#......#
########


You could see a wyvern.

Vanquished Creatures
  A sleepcap (D:4)
  An iguana (D:4)
  2 adders
  A worm (D:2)
  2 orcs (D:3)
  5 bats
  4 endoplasms
  3 giant cockroaches
  5 goblins
  10 hobgoblins
  A jackal (D:3)
  4 quokkas
  10 ball pythons
  3 frilled lizards
  8 kobolds
  10 rats
70 creatures vanquished.

Notes
Turn   | Place    | Note
-------+----------+-------------------------------------------
     0 | D:1      | fireball365 the Hill Orc Fighter began the quest for the
                  | Orb.
     0 | D:1      | Reached XP level 1. HP: 19/19 MP: 1/1
   134 | D:1      | Reached XP level 2. HP: 27/27 MP: 2/2
   283 | D:1      | Reached XP level 3. HP: 31/33 MP: 3/3
  1022 | D:2      | Reached XP level 4. HP: 40/40 MP: 4/4
  1610 | D:3      | Found a burning altar of Makhleb.
  2026 | D:3      | Identified the +0 dagger of the Lamprey {venom, rF++ Int-4
                  | SInv}
  2140 | D:3      | Found a glowing golden altar of the Shining One.
  2141 | D:3      | Found a broken altar of Ashenzari.
  2422 | D:4      | Found a staircase to the Ecumenical Temple.
  2436 | D:4      | Reached XP level 5. HP: 7/47 MP: 5/5
  2671 | Temple   | Entered the Ecumenical Temple
  2682 | Temple   | Became a worshipper of Gozag Ym Sagoz the Greedy
  2708 | D:4      | Noticed a wyvern
  2715 | D:4      | HP: 2/47 [wyvern (13)]
  2720 | D:4      | Mangled by a wyvern

Illustrated notes

Levels and vault maps discovered:
D:1:      minmay_arrival_split_and_join, layout_rooms, minmay_cut_off
D:2:      layout_loops_cross
D:3:      layout_loops_ring, old_standard_altar,
          mainiacjoe_overflow_divided_tiny, minmay_checkerbox
D:4:      layout_basic, minmay_temple_entry_mini_moons, uniq_sigmund
Temple:   nicolae_temple_slightly_damp_pantheon

Skill      XL: |  1  2  3  4  5 |
---------------+----------------+-----
Axes           | 3 4 |  4.5
Fighting       | 4 |  4.4
Armour         | 4 |  4.1
Shields        | 4 |  4.2
Dodging        | |  0.3

Action                     |  1- 3 |  4- 6 || total
---------------------------+-------+-------++-------
  Melee: War axe           |   116 |    79 ||   195
    Use: Scroll            |       |     1 ||     1
 Armour: Scale mail        |    49 |    35 ||    84
  Dodge: Dodged            |    70 |    25 ||    95
  Block: Buckler           |    24 |       ||    24
         Kite shield       |    19 |    37 ||    56
